| TOP OF THE 1ST |
|
Minnesota (NYP) Twins batting - Pitching for Tri-City ValleyCats : LHP Ruben Rojas
|
|
Pitching: LHP Ruben Rojas
|
|
|
Batting: LHB Chris Munguia
|
0-0: Called Strike 0-1: Ball 1-1: Ball 2-1: Called Strike 2-2: Ball 3-2: DOUBLE (Flyball, 89D, EV 88.8 MPH)
|
|
Batting: RHB David Nardone
|
0-0: Called Strike 0-1: Foul Ball, location: 2F 0-2: Ball 1-2: Ball 2-2: Strikes out swinging
|
|
Batting: RHB Miguel Diaz
|
0-0: Foul Ball, location: 2F 0-1: Ball 1-1: Ball 2-1: Foul Ball, location: 2F 2-2: Foul Ball, location: 2F 2-2: Ball 3-2: Base on Balls
|
|
Batting: RHB Jose Nunez
|
0-0: Foul Ball, location: 2F 0-1: Called Strike 0-2: Ball 1-2: Ball 2-2: Foul Ball, location: 2F 2-2: Ball 3-2: Strikes out swinging
|
|
Batting: RHB Michael McDonald
|
0-0: Swinging Strike 0-1: Called Strike 0-2: Foul Ball, location: 2F 0-2: Strikes out looking
|
| Top of the 1st over - 0 runs, 1 hit, 0 errors, 2 left on base; Minnesota (NYP) 0 - Tri-City 0 |
| BOTTOM OF THE 1ST |
|
Tri-City ValleyCats batting - Pitching for Minnesota (NYP) Twins : LHP Josh Armstrong
|
|
Pitching: LHP Josh Armstrong
|
|
|
Batting: RHB Justin Olmstead
|
0-0: Called Strike 0-1: Called Strike 0-2: Ball 1-2: SINGLE (Groundball, 6S, EV 63.8 MPH) (infield hit)
|
|
Batting: LHB Vinny Siebecker
|
0-0: Called Strike 0-1: Ball 1-1: Ball 2-1: Ball 3-1: Fly out, F5 (Line Drive, 5, EV 71.2 MPH)
|
|
Batting: SHB Paskar Adegoke
|
0-0: Fly out, F8 (Flyball, 8RM, EV 86.2 MPH)
|
|
Batting: RHB Raul Sanchez
|
0-0: Ball 1-0: Called Strike 1-1: Called Strike 1-2: Foul Ball, location: 2F 1-2: Ball 2-2: Foul Ball, location: 2F 2-2: Ball 3-2: SINGLE (Flyball, 4MD, EV 93.8 MPH) Justin Olmstead to second Justin Olmstead to third
|
|
Batting: RHB Ramon Castellon
|
0-0: 3-RUN HOME RUN (Flyball, 9D, EV 95.0 MPH), Distance : 358 ft
|
|
Batting: LHB Jon Pope
|
0-0: Ground out 1-3 (Groundball, 13S, EV 72.5 MPH)
|
| Bottom of the 1st over - 3 runs, 3 hits, 0 errors, 0 left on base; Minnesota (NYP) 0 - Tri-City 3 |
| TOP OF THE 2ND |
|
Minnesota (NYP) Twins batting - Pitching for Tri-City ValleyCats : LHP Ruben Rojas
|
|
Batting: RHB Graham Calvert
|
0-0: Ball 1-0: Ball 2-0: Ball 3-0: Called Strike 3-1: Base on Balls
|
|
Batting: RHB Tony Crespo
|
0-0: Called Strike 0-1: Ball 1-1: Swinging Strike 1-2: Ball 2-2: Ball 3-2: Base on Balls Graham Calvert to second
|
|
Batting: LHB Seung-jun Chang
|
0-0: SINGLE (Groundball, 4M, EV 98.8 MPH) (infield hit) Graham Calvert to third Tony Crespo to second
|
|
Batting: SHB Donell Burney
|
0-0: Called Strike 0-1: Ball 1-1: Swinging Strike 1-2: Strikes out swinging
|
|
Batting: LHB Chris Munguia
|
0-0: Ball 1-0: Ball 2-0: Ball 3-0: Called Strike 3-1: Base on Balls Graham Calvert scores Tony Crespo to third Seung-jun Chang to second
|
|
Batting: RHB David Nardone
|
0-0: Called Strike 0-1: Foul Ball, location: 2F 0-2: Ball 1-2: Strikes out looking
|
|
Batting: RHB Miguel Diaz
|
0-0: Ball 1-0: Swinging Strike 1-1: Ball 2-1: Foul Ball, location: 2F 2-2: Foul Ball, location: 2F 2-2: Ball 3-2: Base on Balls Tony Crespo scores Seung-jun Chang to third Chris Munguia to second
|
|
Batting: RHB Jose Nunez
|
0-0: Fielders Choice at 2nd, 6-4 (Groundball, 6, EV 86.2 MPH)
|
| Top of the 2nd over - 2 runs, 1 hit, 0 errors, 3 left on base; Minnesota (NYP) 2 - Tri-City 3 |
| BOTTOM OF THE 2ND |
|
Tri-City ValleyCats batting - Pitching for Minnesota (NYP) Twins : LHP Josh Armstrong
|
|
Batting: RHB Evan Fry
|
0-0: Foul Ball, location: 2F 0-1: Ball 1-1: Ball 2-1: Ball 3-1: Called Strike 3-2: Foul Ball, location: 2F 3-2: Fly out, F9 (Flyball, 9, EV 78.1 MPH)
|
|
Batting: LHB Kyle Moore
|
0-0: Ball 1-0: Ball 2-0: Foul Ball, location: 2F 2-1: Foul Ball, location: 2F 2-2: Foul Ball, location: 2F 2-2: Strikes out swinging
|
|
Batting: RHB Rob Baker
|
0-0: Ground out 6-3 (Groundball, 6, EV 88.1 MPH)
|
| Bottom of the 2nd over - 0 runs, 0 hits, 0 errors, 0 left on base; Minnesota (NYP) 2 - Tri-City 3 |
| TOP OF THE 3RD |
|
Minnesota (NYP) Twins batting - Pitching for Tri-City ValleyCats : LHP Ruben Rojas
|
|
Batting: RHB Michael McDonald
|
0-0: Ball 1-0: Ball 2-0: Called Strike 2-1: Foul Ball, location: 2F 2-2: Ball 3-2: Base on Balls
|
|
Batting: RHB Graham Calvert
|
0-0: Fly out, F7 (Flyball, 7, EV 87.5 MPH)
|
|
Batting: RHB Tony Crespo
|
0-0: Ball 1-0: Called Strike 1-1: Ball 2-1: Called Strike 2-2: Foul Ball, location: 2F 2-2: Strikes out swinging
|
|
Batting: LHB Seung-jun Chang
|
0-0: Ball 1-0: Foul Ball, location: 2F 1-1: Ball 2-1: Ball 3-1: Base on Balls Michael McDonald to second
|
|
Batting: SHB Donell Burney
|
0-0: Ball 1-0: Called Strike 1-1: Called Strike 1-2: Ball 2-2: Foul Ball, location: 2F 2-2: Ball 3-2: Strikes out swinging
|
| Top of the 3rd over - 0 runs, 0 hits, 0 errors, 2 left on base; Minnesota (NYP) 2 - Tri-City 3 |
| BOTTOM OF THE 3RD |
|
Tri-City ValleyCats batting - Pitching for Minnesota (NYP) Twins : LHP Josh Armstrong
|
|
Batting: RHB Justin Olmstead
|
0-0: Ball 1-0: Ball 2-0: Ball 3-0: Called Strike 3-1: SINGLE (Line Drive, 9S, EV 113.1 MPH)
|
|
Batting: LHB Vinny Siebecker
|
0-0: Called Strike Justin Olmstead steals 2nd base (no throw) 0-1: Foul Ball, location: 2F 0-2: Ground out 5-3 (Groundball, 56, EV 95.6 MPH)
|
|
Batting: SHB Paskar Adegoke
|
0-0: Called Strike 0-1: Foul Ball, location: 2F 0-2: Ball 1-2: SINGLE (Groundball, 56D, EV 108.1 MPH) Justin Olmstead to third Runner from 3rd tries for Home, SAFE, throw by LF to home
|
|
Batting: RHB Raul Sanchez
|
0-0: SINGLE (Groundball, 6D, EV 97.5 MPH) Paskar Adegoke to second
|
|
Batting: RHB Ramon Castellon
|
0-0: Called Strike 0-1: Ball 1-1: Foul Ball, location: 2F 1-2: Ball 2-2: Ball 3-2: Base on Balls Paskar Adegoke to third Raul Sanchez to second
|
|
Batting: LHB Jon Pope
|
0-0: Called Strike 0-1: Ball 1-1: Ball 2-1: Ground out 6-3 (Groundball, 6MS, EV 71.9 MPH) Paskar Adegoke scores Raul Sanchez to third Ramon Castellon to second
|
|
Batting: RHB Evan Fry
|
0-0: Ground out 2-3 (Groundball, 13S, EV 68.1 MPH)
|
| Bottom of the 3rd over - 2 runs, 3 hits, 0 errors, 2 left on base; Minnesota (NYP) 2 - Tri-City 5 |
| TOP OF THE 4TH |
|
Minnesota (NYP) Twins batting - Pitching for Tri-City ValleyCats : LHP Ruben Rojas
|
|
Batting: LHB Chris Munguia
|
0-0: Called Strike 0-1: Ground out U3 (Groundball, 3S, EV 82.5 MPH)
|
|
Batting: RHB David Nardone
|
0-0: DOUBLE (Flyball, 8LXD, EV 99.4 MPH)
|
|
Batting: RHB Miguel Diaz
|
0-0: Ball David Nardone steals 3rd base 1-0: Foul Ball, location: 2F 1-1: Ball 2-1: Ball 3-1: Called Strike 3-2: Foul Ball, location: 2F 3-2: Strikes out swinging
|
|
Batting: RHB Jose Nunez
|
0-0: Ball 1-0: Ball 2-0: Ball 3-0: Called Strike 3-1: Base on Balls
|
|
Pitching: RHP Adam Behrens
|
|
|
Batting: RHB Michael McDonald
|
0-0: Called Strike 0-1: Ball 1-1: Ball 2-1: Swinging Strike 2-2: Ball 3-2: Strikes out swinging
|
| Top of the 4th over - 0 runs, 1 hit, 0 errors, 2 left on base; Minnesota (NYP) 2 - Tri-City 5 |
| BOTTOM OF THE 4TH |
|
Tri-City ValleyCats batting - Pitching for Minnesota (NYP) Twins : LHP Josh Armstrong
|
|
Batting: LHB Kyle Moore
|
0-0: Ball 1-0: Swinging Strike 1-1: Ball 2-1: Called Strike 2-2: Ball 3-2: Strikes out looking
|
|
Pitching: RHP Kevin Colgin
|
|
|
Batting: RHB Rob Baker
|
0-0: Foul Ball, location: 2F 0-1: Ground out 4-3 (Groundball, 4, EV 81.9 MPH)
|
|
Batting: RHB Justin Olmstead
|
0-0: Called Strike 0-1: Ground out 6-3 (Groundball, 6, EV 103.1 MPH)
|
| Bottom of the 4th over - 0 runs, 0 hits, 0 errors, 0 left on base; Minnesota (NYP) 2 - Tri-City 5 |
| TOP OF THE 5TH |
|
Minnesota (NYP) Twins batting - Pitching for Tri-City ValleyCats : RHP Adam Behrens
|
|
Batting: RHB Graham Calvert
|
0-0: Swinging Strike 0-1: Swinging Strike 0-2: Foul Ball, location: 2F 0-2: Ball 1-2: Ball 2-2: Fly out, F8 (Flyball, 8LD, EV 90.0 MPH)
|
|
Batting: RHB Tony Crespo
|
0-0: Ball 1-0: Foul Ball, location: 2F 1-1: Ball 2-1: Ball 3-1: Foul Ball, location: 2F 3-2: Foul Ball, location: 2F 3-2: Foul Ball, location: 2F 3-2: Strikes out swinging
|
|
Batting: LHB Seung-jun Chang
|
0-0: SINGLE (Flyball, 56D, EV 95.6 MPH)
|
|
Batting: SHB Donell Burney
|
0-0: Ball Seung-jun Chang steals 2nd base (no throw) 1-0: Called Strike 1-1: Ball 2-1: Called Strike 2-2: SINGLE (Line Drive, 3D, EV 94.4 MPH) Seung-jun Chang to third Runner from 3rd tries for Home, SAFE, throw by RF to home
|
|
Batting: LHB Chris Munguia
|
0-0: Hit by Pitch Donell Burney to second
|
|
Batting: RHB David Nardone
|
0-0: Called Strike 0-1: Ball 1-1: Ball 2-1: Ball 3-1: Base on Balls Donell Burney to third Chris Munguia to second
|
|
Batting: RHB Miguel Diaz
|
0-0: Swinging Strike 0-1: Ball 1-1: Ball 2-1: Ball 3-1: Swinging Strike 3-2: Strikes out looking
|
| Top of the 5th over - 1 run, 2 hits, 0 errors, 3 left on base; Minnesota (NYP) 3 - Tri-City 5 |
| BOTTOM OF THE 5TH |
|
Tri-City ValleyCats batting - Pitching for Minnesota (NYP) Twins : RHP Kevin Colgin
|
|
Batting: LHB Vinny Siebecker
|
0-0: Swinging Strike 0-1: Foul Ball, location: 2F 0-2: Ball 1-2: Strikes out swinging
|
|
Batting: SHB Paskar Adegoke
|
0-0: Ball 1-0: Ball 2-0: Ball 3-0: Called Strike 3-1: Foul Ball, location: 2F 3-2: SINGLE (Groundball, 4MD, EV 110.6 MPH)
|
|
Batting: RHB Raul Sanchez
|
0-0: Called Strike 0-1: Foul Ball, location: 2F 0-2: Foul Ball, location: 2F 0-2: Fly out, F7 (Flyball, 7S, EV 90.6 MPH)
|
|
Pitching: RHP Matt Lundy
|
|
|
Batting: RHB Ramon Castellon
|
0-0: Ball 1-0: Ball Paskar Adegoke steals 2nd base 2-0: Foul Ball, location: 2F 2-1: Ball 3-1: Called Strike 3-2: Ground out 6-3 (Groundball, 6, EV 82.5 MPH)
|
| Bottom of the 5th over - 0 runs, 1 hit, 0 errors, 1 left on base; Minnesota (NYP) 3 - Tri-City 5 |
| TOP OF THE 6TH |
|
Minnesota (NYP) Twins batting - Pitching for Tri-City ValleyCats : RHP Adam Behrens
|
|
Pitching: RHP Justin Coney
|
|
|
Batting: RHB Jose Nunez
|
0-0: Foul Ball, location: 2F 0-1: SINGLE (Groundball, 6MD, EV 96.9 MPH)
|
|
Batting: RHB Michael McDonald
|
0-0: Called Strike 0-1: Ball 1-1: Ball 2-1: Ball 3-1: SINGLE (Groundball, 6D, EV 103.1 MPH) Jose Nunez to second
|
|
Batting: RHB Graham Calvert
|
0-0: Called Strike 0-1: Ball 1-1: Swinging Strike 1-2: SINGLE (Groundball, 6MD, EV 97.5 MPH) Jose Nunez to third Michael McDonald to second
|
|
Batting: RHB Tony Crespo
|
0-0: Ball 1-0: Reached on error, E6 (Groundball, 6S, EV 75.0 MPH) Jose Nunez scores Michael McDonald to third Graham Calvert to second
|
|
Batting: LHB Seung-jun Chang
|
0-0: Ball 1-0: Called Strike 1-1: Grounds into fielders choice 6-2 (Groundball, 4MS, EV 69.4 MPH) Graham Calvert to third Tony Crespo to second
|
|
Batting: SHB Donell Burney
|
0-0: Ball 1-0: DOUBLE (Line Drive, 78XD, EV 105.6 MPH) Graham Calvert scores Tony Crespo scores Seung-jun Chang to third Runner from 3rd tries for Home, SAFE, throw by LF to home
|
|
Pitching: RHP Jon Davis
|
|
|
Batting: LHB Chris Munguia
|
0-0: Ball 1-0: Ground out U3 (Groundball, 34, EV 84.4 MPH) Donell Burney to third
|
|
Batting: RHB David Nardone
|
0-0: Ball 1-0: Ball 2-0: Foul Ball, location: 2F 2-1: Ball 3-1: Base on Balls
|
|
Batting: RHB Miguel Diaz
|
0-0: Called Strike 0-1: Ball 1-1: Swinging Strike 1-2: Strikes out swinging
|
| Top of the 6th over - 4 runs, 4 hits, 1 error, 2 left on base; Minnesota (NYP) 7 - Tri-City 5 |
| BOTTOM OF THE 6TH |
|
Tri-City ValleyCats batting - Pitching for Minnesota (NYP) Twins : RHP Matt Lundy
|
|
Batting: LHB Jon Pope
|
0-0: Ball 1-0: Ball 2-0: Ball 3-0: Called Strike 3-1: Base on Balls
|
|
Batting: RHB Evan Fry
|
0-0: Ball Jon Pope steals 2nd base 1-0: Ball 2-0: Called Strike 2-1: SINGLE (Groundball, 34D, EV 95.6 MPH) Jon Pope to third Runner from 3rd tries for Home, SAFE, throw by RF to home
|
|
Batting: LHB Kyle Moore
|
0-0: Ball 1-0: Called Strike 1-1: Foul Ball, location: 2F 1-2: Grounds into double play, 4-6-3 (Groundball, 4, EV 83.8 MPH)
|
|
Batting: RHB Rob Baker
|
0-0: Ball 1-0: Ball 2-0: Ball 3-0: Called Strike 3-1: Base on Balls
|
|
Batting: RHB Justin Olmstead
|
0-0: Called Strike 0-1: Called Strike Rob Baker steals 2nd base 0-2: Ball 1-2: Ball 2-2: Ball 3-2: Foul Ball, location: 2F 3-2: Base on Balls
|
|
Batting: LHB Vinny Siebecker
|
0-0: Ball 1-0: Ball 2-0: Ball 3-0: Base on Balls Rob Baker to third Justin Olmstead to second
|
|
Batting: SHB Paskar Adegoke
|
0-0: Swinging Strike 0-1: Ball 1-1: Ball 2-1: Ball 3-1: Base on Balls Rob Baker scores Justin Olmstead to third Vinny Siebecker to second
|
|
Batting: RHB Raul Sanchez
|
0-0: Ball 1-0: Called Strike 1-1: Ball 2-1: Ball 3-1: Called Strike 3-2: Base on Balls Justin Olmstead scores Vinny Siebecker to third Paskar Adegoke to second
|
|
Batting: RHB Ramon Castellon
|
0-0: Ball 1-0: Ball 2-0: Ball 3-0: Base on Balls Vinny Siebecker scores Paskar Adegoke to third Raul Sanchez to second
|
|
Batting: LHB Jon Pope
|
0-0: Ball 1-0: Ball 2-0: Ball 3-0: Base on Balls Paskar Adegoke scores Raul Sanchez to third Ramon Castellon to second
|
|
Batting: RHB Evan Fry
|
0-0: Ball 1-0: DOUBLE (Line Drive, 89M, EV 110.0 MPH) Raul Sanchez scores Ramon Castellon scores Jon Pope to third
|
|
Batting: LHB Kyle Moore
|
0-0: Swinging Strike 0-1: Ground out 3-1 (Groundball, 34S, EV 89.4 MPH)
|
| Bottom of the 6th over - 7 runs, 2 hits, 0 errors, 2 left on base; Minnesota (NYP) 7 - Tri-City 12 |
| TOP OF THE 7TH |
|
Minnesota (NYP) Twins batting - Pitching for Tri-City ValleyCats : RHP Jon Davis
|
|
Batting: RHB Jose Nunez
|
0-0: Called Strike 0-1: Ball 1-1: Ball 2-1: Swinging Strike 2-2: Ball 3-2: Base on Balls
|
|
Batting: RHB Michael McDonald
|
0-0: Called Strike 0-1: Foul Ball, location: 2F 0-2: 2-RUN HOME RUN (Flyball, 7LD, EV 94.4 MPH), Distance : 335 ft
|
|
Pitching: RHP Tim Watson
|
|
|
Batting: RHB Graham Calvert
|
0-0: Called Strike 0-1: Ball 1-1: SINGLE (Groundball, 6MD, EV 96.2 MPH)
|
|
Batting: RHB Tony Crespo
|
0-0: Swinging Strike 0-1: Bunted foul 0-2: Ball 1-2: Strikes out swinging
|
|
Batting: LHB Seung-jun Chang
|
0-0: Fly out, F6 (Flyball, 6D, EV 93.1 MPH)
|
|
Batting: SHB Donell Burney
|
0-0: Foul Ball, location: 2F 0-1: Ground out 3-1 (Groundball, 34, EV 83.1 MPH)
|
| Top of the 7th over - 2 runs, 2 hits, 0 errors, 1 left on base; Minnesota (NYP) 9 - Tri-City 12 |
| BOTTOM OF THE 7TH |
|
Tri-City ValleyCats batting - Pitching for Minnesota (NYP) Twins : RHP Matt Lundy
|
|
Batting: RHB Rob Baker
|
0-0: Ball 1-0: Foul Ball, location: 2F 1-1: Ball 2-1: Ground out 4-3 (Groundball, 4, EV 83.1 MPH)
|
|
Pitching: RHP Alex Loaiza
|
|
|
Batting: RHB Justin Olmstead
|
0-0: Called Strike 0-1: Ground out 5-3 (Groundball, 56, EV 87.5 MPH)
|
|
Batting: LHB Vinny Siebecker
|
0-0: Called Strike 0-1: Ball 1-1: Ball 2-1: Ball 3-1: Fly out, F6 (Line Drive, 6, EV 74.4 MPH)
|
| Bottom of the 7th over - 0 runs, 0 hits, 0 errors, 0 left on base; Minnesota (NYP) 9 - Tri-City 12 |
| TOP OF THE 8TH |
|
Minnesota (NYP) Twins batting - Pitching for Tri-City ValleyCats : RHP Tim Watson
|
|
Batting: LHB Chris Munguia
|
0-0: Called Strike 0-1: Ball 1-1: DOUBLE (Groundball, 5L, EV 100.6 MPH)
|
|
Batting: RHB David Nardone
|
0-0: DOUBLE (Flyball, 8LXD, EV 95.0 MPH) Chris Munguia scores
|
|
Batting: RHB Miguel Diaz
|
0-0: Called Strike 0-1: Foul Ball, location: 2F 0-2: Strikes out swinging
|
|
Batting: RHB Jose Nunez
|
0-0: Ball Wild Pitch! David Nardone to third 1-0: Foul Ball, location: 2F 1-1: Ball 2-1: Foul Ball, location: 2F 2-2: Hit by Pitch
|
|
Batting: RHB Michael McDonald
|
0-0: Foul Ball, location: 2F 0-1: Hit by Pitch Jose Nunez to second
|
|
Batting: RHB Graham Calvert
|
0-0: Called Strike 0-1: Swinging Strike Passed Ball! David Nardone scores Jose Nunez to third Michael McDonald to second 0-2: Ball 1-2: Ball 2-2: Ball 3-2: Base on Balls
|
|
Batting: RHB Tony Crespo
|
0-0: Called Strike 0-1: Foul Ball, location: 2F 0-2: SINGLE (Line Drive, 4MD, EV 95.6 MPH) Jose Nunez scores Michael McDonald to third Graham Calvert to second
|
|
Batting: LHB Seung-jun Chang
|
0-0: Foul Ball, location: 2F 0-1: Ball Wild Pitch! Michael McDonald scores Graham Calvert to third Tony Crespo to second 1-1: Intentional Walk
|
|
Batting: SHB Donell Burney
|
0-0: Swinging Strike 0-1: Ball 1-1: Called Strike 1-2: Ball 2-2: Foul Ball, location: 2F 2-2: DOUBLE (Line Drive, 9LM, EV 95.0 MPH) Graham Calvert scores Tony Crespo scores Seung-jun Chang to third
|
|
Batting: LHB Chris Munguia
|
0-0: Called Strike 0-1: Foul Ball, location: 2F 0-2: Foul Ball, location: 2F 0-2: Ball 1-2: Ball 2-2: SINGLE (Groundball, 4S, EV 65.6 MPH) (infield hit) Seung-jun Chang scores Donell Burney to third
|
|
Batting: RHB David Nardone
|
0-0: Ball Chris Munguia steals 2nd base 1-0: Ball 2-0: SINGLE (Line Drive, 9LS, EV 106.2 MPH) Donell Burney scores Chris Munguia to third
|
|
Pitching: LHP Mark Sanders
|
|
|
Batting: RHB Miguel Diaz
|
0-0: Ball David Nardone steals 2nd base 1-0: Foul Ball, location: 2F 1-1: DOUBLE (Line Drive, 9LM, EV 101.9 MPH) Chris Munguia scores David Nardone scores
|
|
Pinch Hitting: RHB Motohiko Hamasaki
|
0-0: Ball 1-0: Ball 2-0: Ball 3-0: Called Strike 3-1: Foul Ball, location: 2F 3-2: Base on Balls
|
|
Batting: RHB Michael McDonald
|
0-0: Fielders Choice at 2nd, 3-6 (Groundball, 34S, EV 93.8 MPH) Miguel Diaz to third
|
|
Batting: RHB Graham Calvert
|
0-0: DOUBLE (Groundball, 5L, EV 95.0 MPH) Miguel Diaz scores Michael McDonald to third Runner from 3rd tries for Home, SAFE, throw by LF to trailing runner, SAFE at third!
|
|
Batting: RHB Tony Crespo
|
0-0: Called Strike 0-1: Ball 1-1: Ball 2-1: Ball 3-1: Swinging Strike 3-2: Foul Ball, location: 2F 3-2: Fly out, F8 (Line Drive, 8LM, EV 103.1 MPH)
|
| Top of the 8th over - 12 runs, 8 hits, 0 errors, 1 left on base; Minnesota (NYP) 21 - Tri-City 12 |
| BOTTOM OF THE 8TH |
|
Tri-City ValleyCats batting - Pitching for Minnesota (NYP) Twins : RHP Alex Loaiza
|
|
Now at 3B: Motohiko Hamasaki
|
|
|
Batting: SHB Paskar Adegoke
|
0-0: Fly out, F8 (Flyball, 8RD, EV 100.6 MPH)
|
|
Batting: RHB Raul Sanchez
|
0-0: Called Strike 0-1: Swinging Strike 0-2: Ball 1-2: Ball 2-2: Ball 3-2: Base on Balls
|
|
Batting: RHB Ramon Castellon
|
0-0: Called Strike 0-1: Ball 1-1: Ball 2-1: SINGLE (Groundball, 56D, EV 103.1 MPH) Raul Sanchez to second
|
|
Batting: LHB Jon Pope
|
0-0: Ball 1-0: Ball 2-0: Foul Ball, location: 2F 2-1: Fly out, F8 (Flyball, 8LXD, EV 86.2 MPH) Runner from 2nd tags up, SAFE at 3rd, no throw by CF
|
|
Batting: RHB Evan Fry
|
0-0: Fielders Choice at 2nd, 5-4 (Groundball, 56, EV 83.8 MPH)
|
| Bottom of the 8th over - 0 runs, 1 hit, 0 errors, 2 left on base; Minnesota (NYP) 21 - Tri-City 12 |
| TOP OF THE 9TH |
|
Minnesota (NYP) Twins batting - Pitching for Tri-City ValleyCats : LHP Mark Sanders
|
|
Batting: LHB Seung-jun Chang
|
0-0: Ball 1-0: Ground out 5-3 (Groundball, 56S, EV 72.5 MPH)
|
|
Batting: SHB Donell Burney
|
0-0: Foul Ball, location: 2F 0-1: Fly out, F7 (Flyball, 7S, EV 81.2 MPH)
|
|
Batting: LHB Chris Munguia
|
0-0: Foul Ball, location: 2F 0-1: Ball 1-1: Fly out, F2 (Popup, 15S, EV 84.4 MPH)
|
| Top of the 9th over - 0 runs, 0 hits, 0 errors, 0 left on base; Minnesota (NYP) 21 - Tri-City 12 |
| BOTTOM OF THE 9TH |
|
Tri-City ValleyCats batting - Pitching for Minnesota (NYP) Twins : RHP Alex Loaiza
|
|
Batting: LHB Kyle Moore
|
0-0: Ball 1-0: Ball 2-0: Swinging Strike 2-1: Fly out, F7 (Flyball, 78M, EV 93.1 MPH)
|
|
Batting: RHB Rob Baker
|
0-0: Ground out 6-3 (Groundball, 6S, EV 70.0 MPH)
|
|
Batting: RHB Justin Olmstead
|
0-0: Foul Ball, location: 2F 0-1: Foul Ball, location: 2F 0-2: Foul Ball, location: 2F 0-2: Fly out, F8 (Line Drive, 8LD, EV 89.4 MPH)
|
| Bottom of the 9th over - 0 runs, 0 hits, 0 errors, 0 left on base; Minnesota (NYP) 21 - Tri-City 12 |
|